 Dungeon Crawl Stone Soup version 0.22-a0-354-g30dfbe6 (webtiles) character file.

392 Amnesiac the Grave Robber (level 6, -13/38 HPs)
             Began as a Deep Elf Necromancer on Apr 16, 2018.
             Mangled by an ogre
             ... wielding a +0 giant club
              (25 damage)
             ... on level 4 of the Dungeon.
             The game lasted 00:05:14 (2604 turns).

Amnesiac the Grave Robber (Deep Elf Necromancer)    Turns: 2604, Time: 00:05:15

Health: -13/38     AC:  7    Str:  5    XL:     6   Next: 50%
Magic:  9/15       EV: 14    Int: 22    God:
Gold:   238        SH:  0    Dex: 15    Spells: 4/15 levels left

rFire    . . .     SeeInvis .   a - +2 dagger (venom)
rCold    . . .     Gourm    .   (no shield)
rNeg     . . .     Faith    .   i - +0 robe
rPois    .         Spirit   .   (no helmet)
rElec    .         Reflect  .   (no cloak)
rCorr    .         Harm     .   (no gloves)
MR       .....                  (no boots)
Stlth    ++........             (no amulet)
HPRegen  0.12/turn              h - +5 ring of protection
MPRegen  0.14/turn              (no ring)

@: no status effects
A: no striking features
a: no special abilities


You were on level 4 of the Dungeon.
You were not hungry.

You visited 1 branch of the dungeon, and saw 5 of its levels.

You collected 238 gold pieces.

Inventory:

Hand Weapons
 a - a +2 dagger of venom (weapon)
Missiles
 f - 5 poisoned needles
 s - 5 curare-tipped needles
Armour
 i - a +0 robe (worn)
Jewellery
 h - a +5 ring of protection (left hand)
 v - an uncursed ring of fire
Scrolls
 b - a scroll of identify {!r, unknown}
 d - 3 scrolls of magic mapping {!r, unknown}
 g - a scroll of enchant weapon {!r, unknown}
 l - 2 scrolls of blinking {!r, unknown}
 m - 2 scrolls of fog {!r, unknown}
 q - 4 scrolls of teleportation {!r, unknown}
 r - a scroll of amnesia {!r, unknown}
 u - a scroll of remove curse {!r, unknown}
Potions
 e - 3 potions of haste {!q, unknown}
 j - a potion of mutation {!q, unknown}
 k - a potion of might {!q, unknown}
 n - a potion of degeneration {!q, unknown}
 o - a potion of flight {!q, unknown}
 t - a potion of invisibility {!q, unknown}
Comestibles
 c - 10 rations
 p - 2 chunks of flesh


   Skills:
 * Level 4.1 Fighting
 + Level 4.0 Dodging
 - Level 2.4 Stealth
 - Level 5.0 Spellcasting
 - Level 5.0 Necromancy


You had 4 spell levels left.
You knew the following spells:

 Your Spells              Type           Power        Failure   Level  Hunger
a - Pain                  Necr           ####         1%          1    None
b - Animate Dead          Necr           N/A          13%         4    ####...
d - Vampiric Draining     Necr           ####......   3%          3    ##.....
r - Regeneration          Chrm/Necr      ###.......   11%         3    ##.....


Dungeon Overview and Level Annotations

Branches:
Dungeon (5/15)
 Temple: D:4-7

Altars:
Cheibriados
Wu Jian

Annotations:
D:3 B1inky's ghost, amateur DsFi
D:4 Thaneod's ghost, novice DsBe


Message History

You kill the shadow imp!
No target in view!
You start resting.
Magic restored.
Casting: Regeneration (safe; 11% risk of failure)
Confirm with . or Enter, or press ? or * to list all spells.
Your skin crawls.
Your skin is crawling a little less now.
Your skin stops crawling.
You butcher the jackal corpse.
p - 5 chunks of flesh (gained 3)
Things that are here:
a scorpion corpse; a jackal skeleton
Things that are here:
a scorpion corpse; a jackal skeleton You butcher the jackal corpse.
p - 6 chunks of flesh (gained 1)
You see here a jackal skeleton. x2
Found a stone staircase leading up.
You now have 238 gold pieces (gained 13).
c - 10 rations (gained 1) Eating one of 6 chunks of flesh.
You eat one of the 6 chunks of flesh.
This raw flesh tastes terrible.
Found a stone staircase leading down.
Found 14 stones.
Some of the chunks of flesh in your inventory have rotted away.
HP restored.
Found a smoky cyan potion.
There is a stone staircase leading up here.
You climb upwards.
Level annotation: Thaneod's ghost, novice DsBe An adder and an ogre come into view.
Found a smoky cyan potion, a scale mail and 17 stones.
There is a stone staircase leading down here.
The ogre shouts!
You hear an angry hiss.
The ogre barely misses you.
You hit the ogre but do no damage.
The ogre is poisoned.
The ogre hits you with a giant club.
You hit the ogre.
The ogre looks as sick as possible!
The ogre is moderately wounded.
You barely miss the ogre.
The ogre is moderately wounded.
The ogre hits you with a giant club!!
Ouch! That really hurt!
* * * LOW HITPOINT WARNING * * *
Casting: Regeneration (safe; 11% risk of failure)
Confirm with . or Enter, or press ? or * to list all spells.
Aiming: Vampiric Draining (safe; 3% risk of failure)
Press: ? - help, Shift-Dir - straight line, f - ogre
Aim: an ogre, wielding a giant club (moderately wounded, poisoned)
The ogre is severely wounded.
You feel life coursing into your body. The ogre barely misses you.
A hound comes into view.
Casting: Vampiric Draining (safe; 3% risk of failure)
Confirm with . or Enter, or press ? or * to list all spells.
Aiming: Vampiric Draining (safe; 3% risk of failure)
Press: ? - help, Shift-Dir - straight line, f/p - ogre
Aim: an ogre, wielding a giant club (severely wounded, poisoned)
The ogre is almost dead.
You feel life coursing into your body.
The hound barks!
The ogre hits you with a giant club!!
Ouch! That really hurt!
You die...

.......÷W...#.###
.........................
.........%...............
..[h.....................
.....................<...
................<.......
#...!.................
#####.S....?...........#
#.....>@.......!........
...###...O...........####
#......<..$.....#
...........).<....
##..................
#........#...!.#####
.....(...... ...########.


You could see an ogre, a hound and an adder.

Vanquished Creatures
  An ogre (D:5)
  A scorpion (D:5)
  A jelly (D:5)
  An iguana (D:4)
  A worker ant (D:5)
  3 gnolls (D:2)
  A howler monkey skeleton (D:4)
  5 adders
  A shadow imp (D:5)
  2 oozes
  3 worms (D:2)
  2 dart slugs
  2 leopard geckos
  2 orcs (D:3)
  A giant cockroach (D:1)
  4 hobgoblins
  3 jackals (D:5)
  4 bats
  18 frilled lizards
  4 goblins
  10 kobolds
  7 rats
77 creatures vanquished.

Notes
Turn   | Place    | Note
-------+----------+-------------------------------------------
     0 | D:1      | Amnesiac the Deep Elf Necromancer began the quest for the Orb.
     0 | D:1      | Reached XP level 1. HP: 10/10 MP: 6/6
   133 | D:1      | Reached skill level 5 in Necromancy
   221 | D:1      | Reached skill level 1 in Fighting
   253 | D:1      | Reached XP level 2. HP: 8/16 MP: 6/8
   773 | D:2      | Reached XP level 3. HP: 4/21 MP: 2/10
   802 | D:1      | Learned a level 3 spell: Vampiric Draining
   806 | D:1      | Learned a level 3 spell: Regeneration
  1209 | D:2      | Reached XP level 4. HP: 25/27 MP: 1/11
  1754 | D:2      | Learned a level 4 spell: Animate Dead
  1772 | D:3      | Noticed B1inky's ghost (amateur DsFi)
  1786 | D:4      | Noticed Thaneod's ghost (novice DsBe)
  1918 | D:3      | Reached XP level 5. HP: 29/32 MP: 13/13
  2052 | D:3      | Found a snail-covered altar of Cheibriados.
  2167 | D:5      | Entered Level 5 of the Dungeon
  2308 | D:5      | Noticed an ogre
  2321 | D:5      | Killed an ogre
  2355 | D:5      | Reached XP level 6. HP: 31/37 MP: 12/15
  2358 | D:5      | Reached skill level 5 in Spellcasting
  2407 | D:5      | Found an ornate altar of the Wu Jian Council.
  2604 | D:4      | Mangled by an ogre

Vault maps used:
D:1:      lightli_arrival_chessboard, st_stairs_3
D:2:      first_ration, amethyst_killhole, minmay_lizard_king
D:3:      kennysheep_slug_shrine, chequers_ecumenical_altar_twisty,
          uniq_jessica, uniq_grinder
D:4:      overflow_temple_1_default
D:5:      zin_statuary, old_standard_altar, kennysheep_little_box,
          serial_bayou_pond_b

Skill      XL: |  1  2  3  4  5  6 |
---------------+-------------------+-----
Necromancy     | 5 |  5.0
Fighting       | 1 2 3 4 |  4.1
Spellcasting   | 4 5 |  5.0
Dodging        | 3 4 |  4.0
Stealth        | |  2.4

Action                   |  1- 3 |  4- 6 || total
-------------------------+-------+-------++-------
Melee: Dagger            |    19 |   125 ||   144
 Cast: Pain              |    53 |    11 ||    64
       Vampiric Draining |     3 |    11 ||    14
       Regeneration      |     1 |     6 ||     7
 Stab: Sleeping          |       |     4 ||     4
  Eat: Chunk             |     1 |     6 ||     7
Armor: Robe              |     4 |    36 ||    40
Dodge: Dodged            |    15 |    80 ||    95

Table legend:
 A = Spawn XP
 B = Non-spawn XP
 C = Spawn XP percentage of total XP
 D = Spawn monster count
 E = Non-spawn monster count
 F = Spawn count percentage of total count
 G = Total turns spent on level
                    A         B        C        D         E        F      G
               +---------+---------+-------+---------+---------+-------+---------
         Total |       0 |     560 |   0.0 |       0 |      77 |   0.0 |  2604
               +---------+---------+-------+---------+---------+-------+---------
           D:1 |       0 |      26 |   0.0 |       0 |      15 |   0.0 |   768
           D:2 |       0 |     120 |   0.0 |       0 |      29 |   0.0 |   987
           D:3 |       0 |      59 |   0.0 |       0 |      19 |   0.0 |   391
           D:4 |       0 |      53 |   0.0 |       0 |       5 |   0.0 |   100
           D:5 |       0 |     302 |   0.0 |       0 |       9 |   0.0 |   358
               +---------+---------+-------+---------+---------+-------+---------
